 Dungeon Crawl Stone Soup version 0.25-a0-474-ga8a2ee3166 (webtiles) character file.

Game seed: 5824314049138948341, levelgen mode: deterministic

155 Emblim88 the Shooter (level 5, 0/67 HPs)
             Began as a Centaur Hunter on Feb 7, 2020.
             Slain by an orc (1 damage)
             ... on level 3 of the Dungeon.
             The game lasted 00:03:40 (2840 turns).

Emblim88 the Shooter (Centaur Hunter)               Turns: 2840, Time: 00:03:40

Health: 0/67       AC: 22    Str: 15    XL:     5   Next: 14%
Magic:  5/5        EV:  1    Int: 10    God:
Gold:   78         SH:  0    Dex: 10    Spells: 4/4 levels left

rFire    + . .     SeeInvis .   b - +0 short sword
rCold    + . .     Gourm    .   (no shield)
rNeg     + + +     Faith    .   (armour currently unavailable)
rPois    +         Spirit   .   (helmet currently unavailable)
rElec    +         Reflect  .   (cloak currently unavailable)
rCorr    +         Harm     .   (gloves currently unavailable)
MR       .....     NoTele   +   (no barding)
Stlth    +.........             (no amulet)
HPRegen  0.21/turn              (no ring)
MPRegen  0.09/turn              (no ring)

@: tree-form, resistant, hasted, very quick
A: large
a: no special abilities


You were on level 3 of the Dungeon.
You were hungry.
You were a tree.
You visited 1 branch of the dungeon, and saw 3 of its levels.

You collected 78 gold pieces.

Inventory:

Hand Weapons
 a - a +1 shortbow
 b - a +0 short sword (weapon)
Missiles
 d - 19 arrows
 l - 35 bolts
Armour
 c - a +0 leather armour (melded)
 g - a +0 pair of gloves (melded)
Scrolls
 e - 3 scrolls of remove curse {unknown}
 i - a scroll of enchant armour {unknown}
 j - 5 scrolls of blinking {unknown}
 n - 4 scrolls of identify {unknown}
Potions
 h - a potion of flight
Comestibles
 f - 7 rations


   Skills:
 + Level 3.4 Fighting
 + Level 6.5 Bows
 + Level 2.5 Dodging
 - Level 0.4 Stealth


You had 4 spell levels left.
You didn't know any spells.
Your spell library was empty.

Dungeon Overview and Level Annotations

Branches:
Dungeon (3/15)

Altars:
Ashenzari


Innate Abilities, Weirdness & Mutations

((You have hooves in place of feet.))
((Armour fits poorly on your strangely shaped body.))
((You cover ground very quickly.))
((You have extremely tough skin. (AC +3)))


Message History

The orc is lightly wounded.
The orc hits you but does no damage. x3
You closely miss the orc.
The orc is lightly wounded.
The orc hits you with a +0 short sword.
* * * LOW HITPOINT WARNING * * *
The orc hits you but does no damage. x2
You closely miss the orc.
The orc is lightly wounded.
The orc hits you but does no damage. The orc hits you with a +0 short sword.
* * * LOW HITPOINT WARNING * * *
The orc hits you but does no damage.
You hit the orc.
The orc is heavily wounded.
The orc hits you.
* * * LOW HITPOINT WARNING * * *
You closely miss the orc.
The orc is heavily wounded.
The orc hits you but does no damage. x2; The orc hits you.
You die...

#. #. #. #.
###.##
....####.##
#......... #o#
#♣#
#.....ooo....#
.......o....##
..#####.###.#
#.# # #.# #.#
..#


You could see 5 orcs.

Vanquished Creatures
  An orc wizard (D:3)
  4 gnolls (D:2)
  2 adders (D:2)
  2 worms (D:2)
  2 dart slugs
  2 orcs (D:3)
  6 bats
  A giant cockroach (D:3)
  7 goblins
  3 hobgoblins
  10 jackals
  2 ball pythons
  4 frilled lizards (D:2)
  10 kobolds
  3 rats
59 creatures vanquished.

Notes
Turn   | Place    | Note
-------+----------+-------------------------------------------
     0 | D:1      | Emblim88 the Centaur Hunter began the quest for the Orb.
     0 | D:1      | Reached XP level 1. HP: 17/17 MP: 1/1
   192 | D:1      | Reached XP level 2. HP: 22/24 MP: 2/2
  1040 | D:2      | Reached XP level 3. HP: 28/30 MP: 3/3
  1602 | D:2      | Found a shattered altar of Ashenzari.
  1609 | D:2      | Reached skill level 6 in Bows
  1634 | D:2      | Reached XP level 4. HP: 25/38 MP: 4/4
  2804 | D:3      | HP: 2/57 [giant cockroach (1)]
  2824 | D:3      | Reached XP level 5. HP: 5/45 MP: 5/5
  2838 | D:3      | HP: 1/67 [orc/+0 short sword (3)]
  2840 | D:3      | Slain by an orc

Levels and vault maps discovered:
D:1:      mrwooster_arrival_statue_2, layout_basic, chequers_jeans,
          chequers_serial_rivers_marsh
D:2:      layout_basic, evilmike_ruin_ashenzari
D:3:      layout_loops_ring, first_ration, minmay_misc_feat_tiny, uniq_natasha,
          uniq_terence

Skill      XL: |  1  2  3 |
---------------+----------+-----
Dodging        | 2 |  2.5
Bows           | 6 |  6.5
Fighting       | 3 |  3.4
Stealth        | |  0.4

Action                   |  1- 3 |  4- 6 || total
-------------------------+-------+-------++-------
Melee: Short sword       |   102 |   107 ||   209
       Kick              |    18 |    15 ||    33
 Fire: Shortbow          |    19 |     3 ||    22
  Use: Potion            |     2 |     3 ||     5
  Eat: Chunk             |     1 |     3 ||     4
Armor: Leather armour    |    45 |    36 ||    81
       Skin              |       |    60 ||    60
Dodge: Dodged            |    70 |    64 ||   134

Table legend:
 A = Non-vault XP
 B = Vault XP
 C = Vault XP percentage of total XP
 D = Non-vault monster count
 E = Vault monster count
 F = Vault count percentage of total count
                 A         B        C        D         E       F
            +---------+---------+-------+---------+---------+-------
      Total |     222 |       0 |   0.0 |      59 |       0 |   0.0
            +---------+---------+-------+---------+---------+-------
        D:1 |      34 |       0 |   0.0 |      21 |       0 |   0.0
        D:2 |     138 |       0 |   0.0 |      32 |       0 |   0.0
        D:3 |      50 |       0 |   0.0 |       6 |       0 |   0.0
            +---------+---------+-------+---------+---------+-------
